 Dungeon Crawl Stone Soup version 0.22.1-5-g62c59d9 (webtiles) character file.

405 Kairos the Shield-Bearer (level 6, 0/32 HPs)
             Began as a Vine Stalker Fighter on Jan 8, 2019.
             Slain by an ogre
             ... wielding a +0 giant club
              (9 damage)
             ... on level 4 of the Dungeon.
             The game lasted 00:04:50 (2755 turns).

Kairos the Shield-Bearer (Vine Stalker Fighter)     Turns: 2755, Time: 00:04:51

Health: 0/32       AC: 12    Str: 20    XL:     6   Next: 87%
Magic:  0/7        EV:  8    Int:  8    God:
Gold:   102        SH: 10    Dex: 14    Spells: 5/5 levels left

rFire    . . .     SeeInvis .   a - +0 war axe
rCold    . . .     Gourm    .   c - +0 shield
rNeg     . . .     Faith    .   b - +1 scale mail
rPois    .         Spirit   +   (no helmet)
rElec    .         Reflect  .   q - scarf {repulsion}
rCorr    .         Harm     .   (no gloves)
MR       +....                  o - +0 pair of boots
Stlth    ..........             (no amulet)
HPRegen  0.50/turn              j - +4 ring of protection
MPRegen  0.10/turn              s - ring of protection from magic

@: repel missiles
A: fangs 2, regeneration 1, magic shield, antimagic bite, no potion heal 3, rot
immunity
a: no special abilities


You were on level 4 of the Dungeon.
You were not hungry.

You visited 1 branch of the dungeon, and saw 4 of its levels.

You collected 102 gold pieces.

Inventory:

Hand Weapons
 a - a +0 war axe (weapon)
Armour
 b - a +1 scale mail (worn)
 c - a +0 shield (worn)
 o - a +0 pair of boots (worn)
 q - a scarf of repulsion (worn)
Jewellery
 j - a +4 ring of protection (left hand)
 s - a ring of protection from magic (right hand)
Scrolls
 h - a scroll of teleportation
 l - 2 scrolls of remove curse
 n - 2 scrolls of identify {unknown}
 p - 2 scrolls of amnesia
 r - a scroll of blinking
Potions
 d - 2 potions of might
 e - a potion of degeneration {unknown}
 g - 2 potions of curing {unknown}
 i - a potion of lignification {unknown}
 k - 2 potions of agility {unknown}
 m - a potion of berserk rage {unknown}
Comestibles
 f - 5 rations


   Skills:
 + Level 3.2 Fighting
 + Level 4.1 Axes
 + Level 3.1 Armour
 + Level 1.2 Dodging
 + Level 0.8 Stealth
 + Level 4.3 Shields


You had 5 spell levels left.
You didn't know any spells.
Your spell library was empty.

Dungeon Overview and Level Annotations

Branches:
Dungeon (4/15)             Temple (0/1) D:4

Altars:
Makhleb
Qazlal


Innate Abilities, Weirdness & Mutations

You have extremely sharp teeth.
Your natural rate of healing is unusually fast.
When hurt, damage is shared between your health and your magic reserves.
Your bite disrupts and absorbs the magic of your enemies.
Potions cannot restore your health.
You are immune to rotting.


Message History

You closely miss the ogre. You bite the ogre, but do no damage.
The ogre is severely wounded.
The ogre hits you with a giant club!
You are too injured to fight recklessly!
You are too injured to fight recklessly!
You are too injured to fight recklessly!
You are too injured to fight recklessly!
Unknown command.
You barely miss the ogre. You bite the ogre. You drain its power.
You feel invigorated.
The ogre is severely wounded.
The ogre hits you with a giant club!
* * * LOW HITPOINT WARNING * * *
You hit the ogre. You bite the ogre. You drain its power.
You feel invigorated.
The ogre is almost dead.
You block the ogre's attack.
You barely miss the ogre. You bite the ogre. You drain its power.
The ogre is almost dead.
The ogre hits you with a giant club!
You die...

...#.#.. ...
...#.#...... .....
...#.#...... ....#
...#.#....#.## ....# .
...#.#........ ....+..
####.#...##..# .......
.....#...# #.## ..8.8.8
.....#...###..###O..⌠.⌠.
.....#..........@:.8.>.8
######...####.###...⌠.⌠.
.........# #.# ..8.8.8
.........# #.# ...!...
.........# #.. .......
########## ##. .......
.# .###### .# +# #


You could see an ogre.

Vanquished Creatures
  Sigmund (D:3)
  A hound (D:2)
  A centaur skeleton (D:3)
  A worker ant (D:3)
  3 adders
  3 gnolls (D:3)
  A worm (D:3)
  2 dart slugs
  3 leopard geckos
  15 orcs (D:3)
  2 ball pythons
  A giant cockroach (D:2)
  6 goblins
  4 hobgoblins
  6 jackals
  3 kobolds
  3 quokkas
  5 bats
  5 frilled lizards
  11 rats
77 creatures vanquished.

Notes
Turn   | Place    | Note
-------+----------+-------------------------------------------
     0 | D:1      | Kairos the Vine Stalker Fighter began the quest for the
                  | Orb.
     0 | D:1      | Reached XP level 1. HP: 11/11 MP: 2/2
   363 | D:1      | Reached XP level 2. HP: 16/16 MP: 3/3
   882 | D:2      | Found a faded altar of an unknown god.
  1037 | D:2      | Reached XP level 3. HP: 19/19 MP: 4/4
  1498 | D:2      | Gained mutation: Your natural rate of healing is unusually
                  | fast. [Vine Stalker growth]
  1498 | D:2      | Reached XP level 4. HP: 6/23 MP: 3/5
  1624 | D:3      | Reached XP level 5. HP: 28/28 MP: 6/6
  1743 | D:3      | Noticed Sigmund
  1765 | D:3      | Killed Sigmund
  1765 | D:3      | Reached skill level 1 in Dodging
  1765 | D:3      | Reached XP level 6. HP: 32/32 MP: 7/7
  1803 | D:3      | Found a stormy altar of Qazlal.
  2594 | D:4      | Found a burning altar of Makhleb.
  2748 | D:4      | Found a staircase to the Ecumenical Temple.
  2755 | D:4      | Slain by an ogre

Skill      XL: |  1  2  3  4  5  6 |
---------------+-------------------+-----
Shields        | 3 4 |  4.3
Axes           | 2 3 4 |  4.1
Fighting       | 3 |  3.2
Armour         | 3 |  3.1
Dodging        | 1 |  1.2
Stealth        | |  0.8

Action                   |  1- 3 |  4- 6 || total
-------------------------+-------+-------++-------
Melee: War axe           |    87 |   131 ||   218
       Bite              |    14 |    43 ||    57
  Use: Scroll            |     4 |     1 ||     5
  Eat: Chunk             |     1 |     5 ||     6
Armor: Scale mail        |    65 |    54 ||   119
Dodge: Dodged            |    42 |    37 ||    79
Block: Shield            |    54 |    69 ||   123
